 Dungeon Crawl Stone Soup version 0.16-a0-110-ge8ded92 (webtiles) character file.

6966 Deemzul the Fighter (level 10, -12/87 HPs)
             Began as a Demonspawn Fighter on Aug 10, 2014.
             Was an Elder of Okawaru.
             Mangled by a manticore (13 damage)
             ... on Level 11 of the Dungeon.
             The game lasted 00:20:19 (9726 turns).

Deemzul the Fighter (Demonspawn Fighter)            Turns: 9726, Time: 00:20:20

HP -12/87        AC  7     Str 19      XL: 10   Next: 81%
MP  18/18        EV 15     Int 10      God: Okawaru [****..]
Gold 415         SH 10     Dex 12 (13) Spells:  0 memorised,  9 levels left

rFire  . . .     SeeInvis .     a - +1 war axe
rCold  + . .     Clarity  .     E - +0 ring mail (curse)
rNeg   . . .     rCorr    .     c - +1 shield
rPois  .         rRot     .     (helmet restricted)
rElec  .         Spirit   .     S - +0 cloak
SustAb .         Warding  .     (no gloves)
rMut   .         Stasis   .     (no boots)
Gourm  .                        (no amulet)
MR     .....                    w - +2 ring of evasion
                                p - +4 ring of evasion

@: manticore barbs, not resistant to hostile enchantments, very unstealthy
A: beak, horns 2, repulsion field 1, cold resistance 1, demonic guardian 1,
deterioration 1, low mp 1, powered by pain 2
a: Heroism, Renounce Religion


You were on level 11 of the Dungeon.
You worshipped Okawaru.
Okawaru was greatly pleased with you.
You were not hungry.

You visited 2 branches of the dungeon, and saw 12 of its levels.

You collected 496 gold pieces.
You spent 81 gold pieces at shops.

Inventory:

Hand weapons
 a - a +1 war axe (weapon)
 x - a +0 hunting sling
Missiles
 y - 52 stones (quivered)
Armour
 c - a +1 shield (worn)
 n - a +0 scale mail
 E - a cursed +0 ring mail (worn)
 S - a +0 cloak (worn)
Magical devices
 e - a wand of enslavement (17)
 k - a wand of cold (5) {unknown}
 t - a wand of disintegration (16)
 A - a wand of magic darts (8)
 G - a wand of fireball (3)
 J - a wand of magic darts (8)
Comestibles
 d - 7 bread rations
 f - 9 meat rations
 h - 7 fruits
 O - 5 rotting chunks of ogre flesh
Scrolls
 g - 4 scrolls of identify
 m - a scroll of enchant armour
 s - a scroll of enchant weapon
 v - a scroll of amnesia
 B - a scroll of fog
 P - 2 scrolls of teleportation
Jewellery
 i - an uncursed ring of teleportation
 p - a +4 ring of evasion (left hand)
 w - a +2 ring of evasion (right hand)
 z - an uncursed ring of magical power
 D - an uncursed ring of positive energy {unknown}
 H - a +1 ring of protection
Potions
 b - 4 potions of restore abilities
 j - a potion of resistance
 l - 3 potions of curing
 o - a potion of agility
 q - a potion of cancellation
 r - 2 potions of brilliance
 C - a potion of might
 F - a potion of poison
 L - 2 potions of haste
 Q - a potion of invisibility
Books
 u - a book of Frost

   Spells                             Type                      Level
   Freeze                             Ice                          1
   Throw Frost                        Conjuration/Ice              2
   Ozocubu's Armour                   Charms/Ice                   3
   Throw Icicle                       Conjuration/Ice              4
   Summon Ice Beast                   Ice/Summoning                4
   Condensation Shield                Ice                          4
 N - a book of Ice

   Spells                             Type                      Level
   Metabolic Englaciation             Hexes/Ice                    5
   Ozocubu's Refrigeration            Ice                          6
   Bolt of Cold                       Conjuration/Ice              6
   Freezing Cloud                     Conjuration/Ice/Air          6
   Simulacrum                         Ice/Necromancy               6
 R - a book of Hinderance

   Spells                             Type                      Level
   Confusing Touch                    Hexes                        2
   Confuse                            Hexes                        3
   Petrify                            Transmutation/Earth          4
   Leda's Liquefaction                Hexes/Earth                  4
   Metabolic Englaciation             Hexes/Ice                    5
   Summon Mana Viper                  Hexes/Summoning              5


   Skills:
 + Level 11.1 Fighting
 + Level 10.2 Axes
 - Level 4.1 Armour
 - Level 3.2 Shields
 - Level 6.5 Invocations


You had 9 spell levels left.
You didn't know any spells.

Dungeon Overview and Level Annotations

Branches:
Dungeon (11/15)            Temple (1/1) D:6
    Orc: D:9-12        Lair: D:8-11

Altars:
Ashenzari
Cheibriados
Dithmenos
Elyvilon
Fedhas
Gozag
Kikubaaqudgha
Makhleb
Nemelex Xobeh
Okawaru
Qazlal
Sif Muna
Trog
Vehumet
Xom
Yredelemnul
Zin
The Shining One

Shops:
D:6 *   D:8 (


Innate Abilities, Weirdness & Mutations

You have a pair of horns on your head.
You are surrounded by a mild repulsion field (EV +2).
A weak demonic guardian rushes to your aid.
You sometimes gain power by taking damage.
You have a beak for a mouth.
Your flesh is cold resistant.
Your body is slowly deteriorating.
Your magical capacity is low (-10% MP).


Message History

Aim: a manticore (moderately wounded)
The manticore easily resists.
The manticore misses you.
The manticore claws you but does no damage.
The manticore closely misses you.
Evoke which item? (* to show all) (? for menu, Esc to quit)
Zapping:
e - a wand of enslavement {zapped: 5}
Press: ? - help, Shift-Dir - straight line, f/p - manticore
Aim: a manticore (moderately wounded)
The manticore easily resists.
Your iron imp closely misses the manticore.
The manticore closely misses you. The manticore claws you.
* * * LOW HITPOINT WARNING * * *
The manticore claws you.
* * * LOW HITPOINT WARNING * * *
Evoke which item? (* to show all) (? for menu, Esc to quit)
Zapping:
e - a wand of enslavement {zapped: 6}
Press: ? - help, Shift-Dir - straight line, f/p - manticore
Aim: a manticore (moderately wounded)
The manticore easily resists.
The manticore bites you!
You die...

## +. #. . #.
. #.### #
#.#.#.# .###
#.#H#5###....
#.5.@....!#
###.#.#.######
#......./...
###.#..#####
#.#..#
#####.#..#
#<.......#
#####.##.# #.#
#


You could see a manticore and 2 friendly iron imps.

Vanquished Creatures
  The ghost of Crauler the Quickloader, an experienced CeHu of Okawaru (D:9)
  An ogre mage (D:10)
  The ghost of JohnKing the Frost Mage, an experienced DEIE of Cheibriados (D:10)
  Grinder (D:3)
  A hydra skeleton (D:10)
  2 two-headed ogres (D:10)
  A spriggan (D:7)
  Eustachio (D:7)
  A hippogriff (D:10)
  2 hungry ghosts
  3 ice beasts
  3 orc warriors
  12 ogres
  A black bear (D:10)
  2 necrophages
  2 sky beasts
  A centaur (D:8)
  Sigmund (D:3)
  Duvessa (D:7)
  2 giant frogs
  2 scorpions
  2 killer bees (D:9)
  2 goliath beetles
  Dowan (D:7)
  4 crimson imps
  2 jellies (D:9)
  3 orc priests
  A gnoll shaman (D:6)
  4 hounds
  5 orc wizards
  Natasha (thrice) (D:3)
  3 iguanas
  5 worker ants
  Terence (D:3)
  9 gnolls
  10 adders
  3 shadow imps
  A white imp (D:3)
  2 giant mites
  5 worms
  2 ufetubi
  An adder skeleton (D:5)
  7 giant geckos
  An ooze (D:2)
  36 orcs
  11 bats
  A giant mite zombie (D:6)
  11 hobgoblins
  2 jackals (D:3)
  8 kobolds
  4 quokkas
  5 giant cockroaches
  A giant gecko skeleton (D:4)
  4 giant newts
  14 goblins
  2 kobold skeletons (D:5)
  An orc skeleton (D:4)
  12 rats
231 creatures vanquished.

Vanquished Creatures (collateral kills)
  A griffon skeleton (D:10)
  A killer bee (D:9)
  An adder (D:10)
  An orc (D:9)
4 creatures vanquished.

Vanquished Creatures (others)
  3 crimson imps (D:10)
  5 iron imps
  3 quasits (D:10)
  A hound (D:10)
  A white imp (D:9)
  2 ufetubi (D:10)
  A giant spore (D:4)
16 creatures vanquished.

Grand Total: 251 creatures vanquished

Notes
Turn   | Place    | Note
--------------------------------------------------------------
     0 | D:1      | Deemzul, the Demonspawn Fighter, began the quest for the Orb.
     0 | D:1      | Reached XP level 1. HP: 18/18 MP: 1/1
   263 | D:1      | Gained mutation: You are surrounded by a mild repulsion field (EV +2). [demonic ancestry]
   263 | D:1      | Reached XP level 2. HP: 24/24 MP: 2/2
   596 | D:2      | Gained mutation: You sometimes gain a little power by taking damage. [demonic ancestry]
   596 | D:2      | Reached XP level 3. HP: 18/29 MP: 3/3
   770 | D:2      | Found a glowing silver altar of Zin.
  1360 | D:3      | Noticed Terence
  1395 | D:3      | Killed Terence
  1395 | D:3      | Reached XP level 4. HP: 24/37 MP: 4/4
  1623 | D:3      | Noticed Natasha
  1632 | D:3      | Killed Natasha
  1654 | D:3      | Noticed Sigmund
  1659 | D:3      | Killed Sigmund
  1659 | D:3      | Reached skill level 4 in Fighting
  1659 | D:3      | Gained mutation: You sometimes gain power by taking damage. [demonic ancestry]
  1659 | D:3      | Reached XP level 5. HP: 20/42 MP: 5/5
  1690 | D:3      | Noticed Grinder
  1948 | D:4      | Reached XP level 6. HP: 29/49 MP: 6/6
  2443 | D:5      | Entered Level 5 of the Dungeon
  2544 | D:5      | Reached skill level 5 in Fighting
  2572 | D:5      | Gained mutation: You have a pair of small horns on your head. [demonic ancestry]
  2572 | D:5      | Reached XP level 7. HP: 36/56 MP: 7/7
  2738 | D:5      | Found a radiant altar of Vehumet.
  2739 | D:5      | Found a deep blue altar of Sif Muna.
  2740 | D:5      | Found a shimmering altar of Xom.
  2741 | D:5      | Found a blossoming altar of Fedhas.
  2741 | D:5      | Found an iron altar of Okawaru.
  2741 | D:5      | Found a stormy altar of Qazlal.
  2742 | D:5      | Found a snail-covered altar of Cheibriados.
  2742 | D:5      | Found a bloodstained altar of Trog.
  2839 | D:5      | Became a worshipper of Warmaster Okawaru
  3051 | D:5      | Found a burning altar of Makhleb.
  3225 | D:5      | Reached skill level 5 in Axes
  3418 | D:6      | Reached skill level 6 in Fighting
  3640 | D:6      | Noticed an angel
  3658 | D:6      | Found a staircase to the Ecumenical Temple.
  3669 | Temple   | Entered the Ecumenical Temple
  4029 | D:6      | Noticed an iron devil
  4337 | D:3      | Noticed Natasha
  4349 | D:3      | Killed Natasha
  4411 | D:3      | Killed Grinder
  4411 | D:3      | Reached XP level 8. HP: 31/65 MP: 8/8
  4509 | D:3      | Noticed Natasha
  4513 | D:3      | Killed Natasha
  4644 | D:6      | Found Cluag's Assorted Antiques.
  4648 | D:6      | Bought a glowing purple potion for 27 gold pieces
  4648 | D:6      | Bought an oily cyan potion for 27 gold pieces
  4648 | D:6      | Bought a bubbling brown potion for 27 gold pieces
  4660 | D:6      | Gained mutation: You have a beak for a mouth. [potion of mutation]
  4660 | D:6      | Gained mutation: Your body is slowly deteriorating. [potion of mutation]
  4660 | D:6      | Gained mutation: Your magical capacity is low (-10% MP). [potion of mutation]
  4890 | D:6      | Reached skill level 7 in Fighting
  5723 | D:7      | Acquired Okawaru's first power
  6001 | D:7      | Reached skill level 8 in Fighting
  6128 | D:7      | Reached skill level 1 in Invocations
  6132 | D:7      | Gained mutation: You have a pair of horns on your head. [demonic ancestry]
  6132 | D:7      | Reached XP level 9. HP: 48/74 MP: 7/9
  6449 | D:7      | Noticed Dowan
  6452 | D:7      | Noticed Duvessa
  6456 | D:7      | Killed Dowan
  6461 | D:7      | Killed Duvessa
  6508 | D:7      | Noticed Eustachio
  6516 | D:7      | Killed Eustachio
  6889 | D:8      | Found Smuif's Weapon Shoppe.
  7895 | D:9      | Noticed Crauler's ghost (experienced CeHu)
  7907 | D:9      | Killed Crauler's ghost
  7907 | D:9      | Reached skill level 9 in Fighting
  8369 | D:9      | Gained mutation: A weak demonic guardian rushes to your aid. [demonic ancestry]
  8369 | D:9      | Reached XP level 10. HP: 83/83 MP: 18/18
  8549 | D:10     | Entered Level 10 of the Dungeon
  8654 | D:10     | Found a basalt altar of Yredelemnul.
  8686 | D:10     | Noticed JohnKing's ghost (experienced DEIE)
  8705 | D:10     | Killed JohnKing's ghost
  8705 | D:10     | Reached skill level 10 in Fighting
  8743 | D:10     | Gained mutation: Your flesh is cold resistant. [potion of beneficial mutation]
  8760 | D:10     | Noticed an ogre mage
  9044 | D:9      | Noticed a hill giant
  9049 | D:9      | Was placed under penance by Okawaru
  9489 | D:10     | Killed an ogre mage
  9489 | D:10     | Reached skill level 11 in Fighting
  9489 | D:10     | Reached skill level 10 in Axes
  9617 | D:11     | Was forgiven by Okawaru
  9618 | D:11     | Noticed an iron golem
  9618 | D:11     | Noticed an iron golem
  9618 | D:11     | Noticed an iron golem
  9618 | D:11     | Noticed an iron golem
  9712 | D:11     | Noticed a manticore
  9725 | D:11     | HP: 1/87 [manticore (6)]
  9726 | D:11     | Mangled by a manticore

Action                   |  1- 3 |  4- 6 |  7- 9 | 10-12 || total
-------------------------+-------+-------+-------+-------++-------
Melee: War axe           |   135 |   146 |   389 |   161 ||   831
Invok: Heroism           |       |       |     1 |     1 ||     2
Evoke: Wand              |       |     1 |     1 |     8 ||    10
  Use: Potion            |       |     1 |    11 |     3 ||    15
       Scroll            |       |     7 |    10 |     4 ||    21
  Eat: Chunk             |     1 |     5 |    15 |     3 ||    24
       Pizza             |       |       |     2 |     1 ||     3
       Fruit             |       |       |     2 |       ||     2
       Beef jerky        |       |       |       |     1 ||     1
